 Dungeon Crawl Stone Soup version 0.15-a0-1293-g4a08026 (webtiles) character file.

723 Quh the Poker (level 7, -10/52 HPs)
             Began as a Demonspawn Abyssal Knight on June 6, 2014.
             Was an Elder of Lugonu.
             Mangled by a goliath beetle (23 damage)
             ... on Level 5 of the Dungeon.
             The game lasted 00:19:54 (4933 turns).

Quh the Poker (Demonspawn Abyssal Knight)           Turns: 4933, Time: 00:19:54

HP -10/52        AC 13     Str 14      XL: 7   Next: 43%
MP  15/15        EV  5     Int 13      God: Lugonu [****..]
Gold 296         SH  0     Dex 14      Spells:  0 memorised,  6 levels left

rFire  . . .     SeeInvis .     a - +1 spear
rCold  . . .     Clarity  .     y - +0 chain mail
rNeg   . . .     rCorr    .     (no shield)
rPois  +         rRot     .     (helmet restricted)
rElec  .         Spirit   .     (no cloak)
SustAb .         Warding  .     B - +0 pair of gloves
rMut   .         Stasis   .     C - +0 pair of boots
Gourm  .                        (no amulet)
MR     .....                    I - +1 ring of dexterity
                                G - ring of poison resistance

@: not resistant to hostile enchantments, extremely unstealthy
A: horns 2, slimy green scales 2
a: Depart the Abyss, Bend Space, Banish, Corrupt, Renounce Religion


You were on level 5 of the Dungeon.
You worshipped Lugonu.
Lugonu was greatly pleased with you.
You were hungry.

You visited 1 branch of the dungeon, and saw 5 of its levels.
You visited the Abyss 1 time.
You also visited: Sewer.

You collected 296 gold pieces.

Inventory:

Hand weapons
 a - a +1,+1 spear (weapon)
 h - a +0,+0 morningstar
 v - a +2,+1 mace
 w - a +0,+0 battleaxe
 A - a +0,+0 trident
 H - a +1,+1 whip
 J - a +0,+0 sling of flame
Missiles
 f - 71 stones (quivered)
 r - 4 tomahawks
 t - 52 arrows
 M - 2 throwing nets
Armour
 b - a +0 leather armour
 e - a +0 scale mail
 y - a +0 chain mail (worn)
 B - a +0 pair of gloves (worn)
 C - a +0 pair of boots (worn)
 L - a +2 pair of gloves
Comestibles
 c - 3 bread rations
 j - 3 fruits
 m - 3 meat rations
 u - a rotting chunk of hound flesh
 z - a beef jerky
Scrolls
 g - 2 scrolls of random uselessness
 i - a scroll of magic mapping {unknown}
 k - 2 scrolls of remove curse
 o - a scroll of identify
 x - a scroll of blinking {unknown}
 E - 5 scrolls of teleportation
 K - a scroll of enchant weapon II {unknown}
 P - a scroll of holy word {unknown}
Jewellery
 G - a ring of poison resistance (left hand)
 I - a +1 ring of dexterity (right hand)
Potions
 d - a potion of heal wounds {unknown}
 l - 2 potions of restore abilities
 n - a potion of resistance {unknown}
 p - 3 potions of curing {unknown}
 q - a potion of poison {unknown}
 s - 2 potions of invisibility {unknown}
 D - 2 potions of might {unknown}
 F - 4 potions of flight
 O - a potion of haste {unknown}


   Skills:
 - Level 3.0 Fighting
 * Level 6.5 Polearms
 - Level 1.7 Armour
 - Level 0.8 Dodging
 - Level 6.2 Invocations


You had 6 spell levels left.
You didn't know any spells.

Dungeon Overview and Level Annotations

Branches:
Dungeon (5/15)             Temple (0/1) D:4

Altars:
Cheibriados
Okawaru
Trog
Vehumet
Zin

Annotations:
D:5 exclusion: statue


Innate Abilities, Weirdness & Mutations

You have a pair of horns on your head.
You are mostly covered in slimy green scales (AC +3).


Message History

Throwing (i - inventory. (,) - cycle):
f - 74 stones (quivered)
Press: ? - help, Shift-Dir - straight line, f/p - goliath beetle
Aim: a goliath beetle (heavily wounded)
You throw a stone.
The stone hits the goliath beetle but does no damage.
The goliath beetle is heavily wounded.
Throwing (i - inventory. (,) - cycle):
f - 73 stones (quivered)
Press: ? - help, Shift-Dir - straight line, f/p - goliath beetle
Aim: a goliath beetle (heavily wounded)
You throw a stone.
The stone hits the goliath beetle but does no damage.
The goliath beetle is heavily wounded.
Throwing (i - inventory. (,) - cycle):
f - 72 stones (quivered)
Press: ? - help, Shift-Dir - straight line, f/p - goliath beetle
Aim: a goliath beetle (heavily wounded)
You throw a stone.
The stone hits the goliath beetle but does no damage.
The goliath beetle is heavily wounded.
The goliath beetle bites you!!
You die...

###..# # ##.# ####
###### #.## #...
#....#####..# #...
#.......##..# #...
#...........# ##..
##..........# #..
########......#
### #######
#.w@.....####.# #
.......##.B..#####
#..# #
#........(..##
##.# #
.....((..(.### >#
# ##w.(##..## .. #
.#.....#..# ..#
...._.....## #####
##.# .#.....#...#
#...# #...
##...##.B.#
#...#### #..#


You could see a goliath beetle and a worm.

Vanquished Creatures
  2 ogres (D:4)
  2 scorpions
  A goliath beetle (D:4)
  A crimson imp (D:5)
  A hound (D:5)
  A siren (Sewer)
  A mermaid (Sewer)
  An ogre skeleton (D:4)
  10 adders
  3 green rats
  5 giant mites
  2 worms
  3 giant geckos
  2 oozes
  5 orcs
  3 giant cockroaches
  9 hobgoblins
  4 quokkas
  6 ball pythons
  6 bats
  A giant gecko skeleton (D:4)
  5 giant newts
  12 goblins
  7 kobolds
  A kobold skeleton (D:4)
  32 rats
  A rat skeleton (D:5)
127 creatures vanquished.

Vanquished Creatures (others)
  3 drowned souls (Sewer)
3 creatures vanquished.

Grand Total: 130 creatures vanquished

Notes
Turn   | Place    | Note
--------------------------------------------------------------
     0 | Abyss:1  | Quh, the Demonspawn Abyssal Knight, began the quest for the Orb.
     0 | Abyss:1  | Reached XP level 1. HP: 18/18 MP: 1/1
    47 | Abyss:1  | Noticed a large abomination
    59 | Abyss:1  | Noticed an ice beast
    61 | D:1      | Escaped the Abyss
   352 | D:1      | Acquired Lugonu's first power
   382 | D:1      | Gained mutation: You have a pair of small horns on your head. [demonic ancestry]
   382 | D:1      | Reached XP level 2. HP: 17/24 MP: 2/2
   832 | D:2      | Reached XP level 3. HP: 29/29 MP: 4/4
   959 | D:2      | Acquired Lugonu's second power
  1412 | D:2      | Found a glowing silver altar of Zin.
  1424 | D:2      | Reached XP level 4. HP: 35/35 MP: 6/6
  1787 | D:3      | Noticed a moth of wrath
  1788 | D:3      | Found a bloodstained altar of Trog.
  2082 | D:3      | Reached skill level 4 in Polearms
  2084 | D:3      | Acquired Lugonu's third power
  2703 | D:4      | Found a glowing drain.
  2717 | Sewer    | Entered a sewer
  2791 | Sewer    | Gained mutation: You are partially covered in slimy green scales (AC +2). [demonic ancestry]
  2791 | Sewer    | Reached XP level 5. HP: 31/41 MP: 8/8
  3296 | Sewer    | Acquired Lugonu's fourth power
  3564 | Sewer    | Reached skill level 5 in Polearms
  3678 | Sewer    | Gained mutation: You have a pair of horns on your head. [demonic ancestry]
  3678 | Sewer    | Reached XP level 6. HP: 43/47 MP: 11/11
  3679 | Sewer    | Noticed a drowned soul
  3680 | Sewer    | Noticed a drowned soul
  3680 | Sewer    | Noticed a drowned soul
  3682 | Sewer    | Killed a drowned soul
  3683 | Sewer    | Killed a drowned soul
  3686 | Sewer    | Noticed a drowned soul
  3686 | Sewer    | Noticed a drowned soul
  3689 | Sewer    | Noticed a drowned soul
  3689 | Sewer    | Killed a drowned soul
  3690 | Sewer    | Noticed a drowned soul
  3690 | Sewer    | Noticed a drowned soul
  3691 | Sewer    | Noticed a drowned soul
  3693 | Sewer    | Noticed a drowned soul
  3987 | D:4      | Noticed an ogre
  4000 | D:4      | Killed an ogre
  4000 | D:4      | Reached skill level 5 in Invocations
  4367 | D:4      | Noticed an ogre
  4374 | D:4      | Killed an ogre
  4374 | D:4      | Reached skill level 6 in Polearms
  4374 | D:4      | Gained mutation: You are mostly covered in slimy green scales (AC +3). [demonic ancestry]
  4374 | D:4      | Reached XP level 7. HP: 37/52 MP: 14/14
  4470 | D:4      | Found a staircase to the Ecumenical Temple.
  4503 | D:5      | Entered Level 5 of the Dungeon
  4667 | D:5      | Found an iron altar of Okawaru.
  4812 | D:5      | Found a radiant altar of Vehumet.
  4830 | D:5      | Found a snail-covered altar of Cheibriados.
  4933 | D:5      | Mangled by a goliath beetle

Action                   |  1- 3 |  4- 6 |  7- 9 || total
-------------------------+-------+-------+-------++-------
Melee: Spear             |    95 |   351 |    54 ||   500
Throw: Javelin           |    15 |    35 |     8 ||    58
       Stone             |     4 |    38 |    41 ||    83
Invok: Depart the Abyss  |     1 |       |       ||     1
  Use: Scroll            |       |     2 |     1 ||     3
